 Dungeon Crawl Stone Soup version 0.26.1-2-gb8aa6d0cf2 (webtiles) character file.

Game seed: 10017811956569879380

175 McKennaii the Conjurer (level 5, 0/28 HPs)
             Began as a Deep Elf Conjurer on Feb 14, 2021.
             Succumbed to a scorpion's poison
             ... on level 3 of the Dungeon.
             The game lasted 00:02:12 (2101 turns).

McKennaii the Conjurer (Deep Elf Conjurer)          Turns: 2101, Time: 00:02:12

Health: 0/28       AC:  2    Str:  2 (4)  XL:     5   Next: 29%
Magic:  0/14       EV: 13    Int: 22 (24) God:
Gold:   154        SH:  0    Dex: 11 (13) Spells: 12/13 levels left

rFire    + . .     SeeInvis .   (no weapon)
rCold    + . .     Faith    .   (no shield)
rNeg     . . .     Spirit   .   m - +0 robe {rC+ rF+}
rPois    .         Reflect  .   (no helmet)
rElec    .         Harm     .   (no cloak)
rCorr    .         Rampage  .   (no gloves)
Will     .....                  (no boots)
Stlth    ++........             (no amulet)
HPRegen  0.09/turn              (no ring)
MPRegen  0.14/turn              (no ring)

@: lethally poisoned (0 -> -5)
A: no striking features
a: no special abilities


You were on level 3 of the Dungeon.
You visited 1 branch of the dungeon, and saw 3 of its levels.

You collected 154 gold pieces.

Inventory:

Armour
 a - a +0 robe
 c - a +0 pair of gloves
 m - a +0 robe of resistance (worn)
Scrolls
 b - 2 scrolls of identify {unknown}
 d - a scroll of blinking {unknown}
 e - a scroll of amnesia {unknown}
 f - a scroll of fear {unknown}
 g - 3 scrolls of remove curse {unknown}
 h - a scroll of enchant armour {unknown}
 i - a scroll of fog {unknown}
 l - a scroll of magic mapping {unknown}


   Skills:
 + Level 2.9 Dodging
 + Level 2.9 Stealth
 * Level 4.8 Spellcasting
 * Level 6.2 Conjurations


You had 12 spell levels left.
You knew the following spells:

 Your Spells              Type           Power        Failure   Level
a - Magic Dart            Conj           100%         1%          1

Your spell library contained the following spells:

 Spells                   Type           Power        Failure   Level
 Searing Ray              Conj           64%          1%          2
 Dazzling Flash           Conj/Hex       38%          9%          3
 Fulminant Prism          Conj/Hex       9%           28%         4
 Iskenderun's Mystic Bla  Conj/Tloc      19%          28%         4


Dungeon Overview and Level Annotations

Branches:
Dungeon (3/15)

Altars:


Message History

Confirm with . or Enter, or press ? or * to list all spells.
Aiming: Magic Dart (safe; 1% risk of failure)
Press: ? - help, Shift-Dir - straight line, f/p - scorpion
Aim: a scorpion (almost dead, 0% to evade)
The magic dart hits the scorpion but does no damage.
The scorpion is almost dead.
* * * LOW HITPOINT WARNING * * *
You feel sick. The scorpion barely misses you.
Unknown command.
Casting: Magic Dart (safe; 1% risk of failure)
Confirm with . or Enter, or press ? or * to list all spells.
Aiming: Magic Dart (safe; 1% risk of failure)
Press: ? - help, Shift-Dir - straight line, f/p - scorpion
Aim: a scorpion (almost dead, 0% to evade)
The magic dart hits the scorpion.
You kill the scorpion!
You feel your strength returning.
You feel your dexterity returning.
You have reached level 5!
There is a lethal amount of poison in your body!
You die...

# ##. ## #. #.##
#..
#.#####..###...
.......(.#...
########
#............
.......#
#.##.....#
######.#
#...#....# #.#
##....#@.#...#
#### #.#
#.....###...##
...# #.# #....##
...).
##.###.###...#..#
.###
#..........#....#
.#
#####.####.#.....#
# #.# #.........
#.# ###..####. #.#
#>#


There were no monsters in sight!

Vanquished Creatures
  A scorpion (D:3)
  Jessica (D:2)
  2 adders
  An ooze (D:2)
  2 worms
  2 dart slugs (D:1)
  4 leopard geckos
  An orc (D:3)
  6 bats
  3 giant cockroaches
  5 goblins
  10 hobgoblins
  2 jackals (D:1)
  7 kobolds
  2 ball pythons
  5 frilled lizards
  5 rats
59 creatures vanquished.

Notes
Turn   | Place    | Note
-------+----------+-------------------------------------------
     0 | D:1      | McKennaii the Deep Elf Conjurer began the quest for the
                  | Orb.
     0 | D:1      | Reached XP level 1. HP: 10/10 MP: 6/6
    88 | D:1      | Reached XP level 2. HP: 14/15 MP: 1/8
   333 | D:1      | Reached skill level 5 in Conjurations
   620 | D:1      | Reached XP level 3. HP: 19/19 MP: 5/9
   901 | D:1      | You fall into a shaft and drop 1 floor!
  1319 | D:2      | Reached XP level 4. HP: 24/24 MP: 8/11
  1598 | D:2      | Noticed Jessica
  1600 | D:2      | Killed Jessica
  1999 | D:3      | Reached skill level 6 in Conjurations
  2099 | D:3      | HP: 1/24 [poisoned by a scorpion]
  2101 | D:3      | Reached XP level 5. HP: 1/28 MP: 0/14
  2101 | D:3      | Succumbed to a scorpion's poison

Illustrated notes

Levels and vault maps discovered:
D:1:      psy_arrival_basics, layout_loops_ring, st_stairs_6
D:2:      layout_rooms, chequers_serial_rivers_small_3, uniq_jessica
D:3:      layout_loops_ring, serial_bayou_pond_d, minmay_misc_feat_chi,
          goddamned_bats

Skill      XL: |  1  2  3  4 |
---------------+-------------+-----
Conjurations   | 5 6 |  6.2
Spellcasting   | 4 |  4.8
Dodging        | |  2.9
Stealth        | |  2.9

Action                   |  1- 3 |  4- 6 || total
-------------------------+-------+-------++-------
Melee: Unarmed           |     6 |       ||     6
 Cast: Magic Dart        |    74 |    47 ||   121
  Use: Potion            |       |     2 ||     2
Armor: Robe              |     2 |       ||     2
Dodge: Dodged            |    19 |     8 ||    27
